 Dungeon Crawl Stone Soup version 0.21.1-1-g345015f (webtiles) character file.

164 zishaf the Magician (level 5, -2/37 HPs)
             Began as a Gnoll Wanderer on May 16, 2018.
             Slain by Grinder (8 damage)
             ... on level 3 of the Dungeon.
             The game lasted 00:05:13 (2964 turns).

zishaf the Magician (Gnoll Wanderer)                Turns: 2964, Time: 00:05:14

Health: -2/37      AC:  5    Str: 18    XL:     5   Next: 45%
Magic:  8/14       EV: 12    Int: 17    God:
Gold:   131        SH:  0    Dex: 13    Spells: 17/18 levels left

rFire    . . .     SeeInvis .   h - +0 mace
rCold    . . .     Gourm    .   (no shield)
rNeg     . . .     Faith    .   v - +0 leather armour
rPois    .         Spirit   .   t - +0 helmet
rElec    .         Reflect  .   (no cloak)
rCorr    .         Harm     .   (no gloves)
MR       .....                  (no boots)
Stlth    ++........             (no amulet)
HPRegen  0.12/turn              j - +1 ring of protection
MPRegen  0.14/turn              n - +4 ring of strength

@: very slightly contaminated
A: distributed training, fangs 1, strong nose
a: no special abilities


You were on level 3 of the Dungeon.
You were not hungry.

You visited 1 branch of the dungeon, and saw 3 of its levels.

You collected 131 gold pieces.

Inventory:

Hand Weapons
 h - a +0 mace (weapon)
Armour
 t - a +0 helmet (worn)
 v - a +0 leather armour (worn)
Jewellery
 j - a +1 ring of protection (left hand)
 n - a +4 ring of strength (right hand)
Wands
 u - a wand of random effects (27)
Scrolls
 c - 3 scrolls of teleportation
 e - a scroll of amnesia {unknown}
 i - 3 scrolls of remove curse {unknown}
 m - 4 scrolls of identify {unknown}
 s - 3 scrolls of blinking {unknown}
Potions
 b - 2 potions of curing
 g - a potion of heal wounds {unknown}
 k - 2 potions of invisibility {unknown}
 l - a potion of flight {unknown}
 o - a potion of magic {unknown}
 p - a potion of haste {unknown}
Books
 a - a book of Minor Magic

   Spells                             Type                      Level
   a - Magic Dart                     Conjuration                  1
   b - Blink                          Translocation                2
   c - Call Imp                       Summoning                    2
   d - Slow                           Hexes                        2
   e - Conjure Flame                  Conjuration/Fire             3
   f - Mephitic Cloud                 Conjuration/Poison/Air       3
Comestibles
 f - 2 rations


   Skills:
 + Level 1.4 Fighting
 + Level 1.4 Short Blades
 + Level 1.4 Long Blades
 + Level 1.4 Axes
 + Level 1.4 Maces & Flails
 + Level 1.4 Polearms
 + Level 1.4 Staves
 + Level 1.4 Slings
 + Level 1.4 Bows
 + Level 1.4 Crossbows
 + Level 3.0 Throwing
 + Level 1.4 Armour
 + Level 1.4 Dodging
 + Level 2.7 Stealth
 + Level 1.4 Shields
 + Level 1.4 Unarmed Combat
 + Level 7.3 Spellcasting
 + Level 1.1 Conjurations
 + Level 1.1 Hexes
 + Level 3.9 Charms
 + Level 1.1 Summonings
 + Level 1.1 Necromancy
 + Level 1.1 Translocations
 + Level 1.1 Transmutations
 + Level 1.1 Fire Magic
 + Level 3.9 Ice Magic
 + Level 1.1 Air Magic
 + Level 2.4 Earth Magic
 + Level 1.1 Poison Magic
 + Level 1.6 Invocations
 + Level 1.4 Evocations


You had 17 spell levels left.
You knew the following spells:

 Your Spells              Type           Power        Failure   Level  Hunger
a - Magic Dart            Conj           ##..         9%          1    None


Dungeon Overview and Level Annotations

Branches:
Dungeon (3/15)

Altars:
Uskayaw

Annotations:
D:3 1 runed door, Grinder


Innate Abilities, Weirdness & Mutations

Your experience applies equally to all skills.
You have very sharp teeth.
Your uncanny sense of smell can sniff out nearby items.


Message History

Press: ? - help, Shift-Dir - straight line, f/p - Grinder
Aim: Grinder (lightly wounded)
You miscast Magic Dart.
You are very lightly contaminated with residual magic.
Nothing appears to happen.
Grinder hits you.
You writhe in agony.
You hit Grinder.
Grinder is lightly wounded.
Grinder hits you.
You hit Grinder but do no damage.
Grinder is lightly wounded.
Grinder hits you but does no damage. Grinder hits you.
You writhe in agony.
You barely miss Grinder.
Grinder is lightly wounded.
Grinder hits you!
* * * LOW HITPOINT WARNING * * *
You closely miss Grinder.
Grinder is lightly wounded.
Grinder says, "DUCK!"
Grinder hits you!
You die...

## ∆ ..#
#.# #.#
#######.#
#.......#
##.......#
......5@.#
...#####.#
∆ #.# ∆ #.#
#.# #.# #.#
#.#
#########.#


You could see Grinder.

Vanquished Creatures
  Jessica (D:2)
  Ijyb (D:3)
  Terence (D:3)
  2 adders (D:3)
  A gnoll (D:3)
  An ooze (D:3)
  4 dart slugs
  A ball python (D:3)
  2 giant cockroaches
  5 goblins
  6 hobgoblins
  6 jackals (D:1)
  7 kobolds
  A quokka (D:3)
  5 bats
  A frilled lizard (D:2)
  4 rats
49 creatures vanquished.

Notes
Turn   | Place    | Note
-------+----------+-------------------------------------------
     0 | D:1      | zishaf the Gnoll Wanderer began the quest for the Orb.
     0 | D:1      | zishaf set off with: a book of Minor Magic, a potion of curing, a scroll of teleportation, a +0 robe, a +0 club, a ration
     0 | D:1      | Reached XP level 1. HP: 13/13 MP: 8/8
     2 | D:1      | Learned a level 1 spell: Magic Dart
   157 | D:1      | Reached XP level 2. HP: 9/19 MP: 7/10
   499 | D:1      | HP: 1/20 [jackal (3)]
   934 | D:1      | Reached XP level 3. HP: 12/25 MP: 2/11
  1432 | D:2      | Found a hide-covered altar of Uskayaw.
  1619 | D:2      | Noticed Jessica
  1626 | D:2      | Killed Jessica
  1626 | D:2      | Reached skill level 1 in Fighting
  1626 | D:2      | Reached skill level 1 in Short Blades
  1626 | D:2      | Reached skill level 1 in Long Blades
  1626 | D:2      | Reached skill level 1 in Axes
  1626 | D:2      | Reached skill level 1 in Maces & Flails
  1626 | D:2      | Reached skill level 1 in Polearms
  1626 | D:2      | Reached skill level 1 in Staves
  1626 | D:2      | Reached skill level 1 in Slings
  1626 | D:2      | Reached skill level 1 in Bows
  1626 | D:2      | Reached skill level 1 in Crossbows
  1626 | D:2      | Reached skill level 1 in Armour
  1626 | D:2      | Reached skill level 1 in Dodging
  1626 | D:2      | Reached skill level 1 in Shields
  1626 | D:2      | Reached skill level 1 in Unarmed Combat
  1626 | D:2      | Reached skill level 1 in Invocations
  1626 | D:2      | Reached skill level 1 in Evocations
  1626 | D:2      | Reached XP level 4. HP: 32/32 MP: 0/13
  2375 | D:3      | Noticed Ijyb
  2554 | D:3      | Noticed Terence
  2570 | D:3      | Killed Terence
  2570 | D:3      | Reached skill level 1 in Conjurations
  2570 | D:3      | Reached skill level 1 in Hexes
  2570 | D:3      | Reached skill level 1 in Summonings
  2570 | D:3      | Reached skill level 1 in Necromancy
  2570 | D:3      | Reached skill level 1 in Translocations
  2570 | D:3      | Reached skill level 1 in Transmutations
  2570 | D:3      | Reached skill level 1 in Fire Magic
  2570 | D:3      | Reached skill level 1 in Air Magic
  2570 | D:3      | Reached skill level 1 in Poison Magic
  2570 | D:3      | Reached XP level 5. HP: 32/37 MP: 8/14
  2813 | D:3      | Found a runed door.
  2865 | D:3      | Killed Ijyb
  2949 | D:3      | Noticed Grinder
  2953 | D:3      | Paralysed by Grinder for 4 turns
  2964 | D:3      | Slain by Grinder

Skill      XL: |  1  2  3  4  5 |
---------------+----------------+-----
Earth Magic    | 2 |  2.4
Fighting       | 1 |  1.4
Short Blades   | 1 |  1.4
Long Blades    | 1 |  1.4
Axes           | 1 |  1.4
Maces & Flails | 1 |  1.4
Polearms       | 1 |  1.4
Staves         | 1 |  1.4
Slings         | 1 |  1.4
Bows           | 1 |  1.4
Crossbows      | 1 |  1.4
Armour         | 1 |  1.4
Dodging        | 1 |  1.4
Shields        | 1 |  1.4
Unarmed Combat | 1 |  1.4
Invocations    | 1 |  1.6
Evocations     | 1 |  1.4
Conjurations   | 1 |  1.1
Hexes          | 1 |  1.1
Summonings     | 1 |  1.1
Necromancy     | 1 |  1.1
Translocations | 1 |  1.1
Transmutations | 1 |  1.1
Fire Magic     | 1 |  1.1
Air Magic      | 1 |  1.1
Poison Magic   | 1 |  1.1
Throwing       | 3 |  3.0
Stealth        | |  2.7
Spellcasting   | |  7.3
Charms         | |  3.9
Ice Magic      | |  3.9

Action                   |  1- 3 |  4- 6 || total
-------------------------+-------+-------++-------
Melee: Club              |     9 |       ||     9
       Mace              |    28 |    54 ||    82
       Bite              |     2 |     4 ||     6
       Punch             |       |     2 ||     2
 Cast: Magic Dart        |    68 |    56 ||   124
 Stab: Sleeping          |     1 |     1 ||     2
  Eat: Chunk             |     2 |     4 ||     6
Armor: Robe              |    16 |     2 ||    18
       Ring mail         |       |    16 ||    16
       Leather armour    |       |     1 ||     1
Dodge: Dodged            |    46 |    46 ||    92
